Map: Tokamak LE

Players

ManlyManMeat - Winner!

  • Race: Zerg Zerg
  • League: Diamond
  • Spawn Location: 1:00

VOD

Have the link to the VOD?

Description

Time

  • Played on: June 22, 2025, 3:32 p.m.
  • Length: 14:35
Show
View Real Time Build Order
Export as new Build Order

ManlyManMeat Zerg - Winner!

Build Orders:  

Get SALT Encoding   

  12  0:00  Drone  
  13  0:11  Drone  
  14  0:21  Extractor  
  14  0:22  Drone  
  15  0:30  Overlord  
  15  0:57  Drone  
  16  1:07  Hatchery  
  15  1:12  Drone  
  15  1:17  Drone  
  17  1:23  Drone  
  18  1:43  Extractor  
  18  1:46  Spawning Pool  
  16  1:50  Drone  
  16  1:55  Drone  
  18  2:04  Drone  
  19  2:16  Drone  
  20  2:52  Queen x2  
  20  2:53  Zergling x2  
  20  2:54  Zergling x2  
  20  2:59  Overlord  
  26  3:13  Drone  
  26  3:14  Drone  
  28  3:27  Drone  
  28  3:28  Drone  
  30  3:44  Hatchery  
  29  3:57  Drone x2  
  29  3:58  Drone x2  
  33  4:02  Metabolic Boost  
  33  4:07  Queen  
  35  4:18  Overlord  
  35  4:24  Drone  
  36  4:46  Overlord x2  
  36  4:48  Drone x5  
  41  4:57  Drone  
  42  5:12  Drone  
  42  5:18  Extractor  
  42  5:23  Drone x4  
  42  5:24  Drone x2  
  42  5:29  Drone  
  49  5:30  Baneling Nest  
  49  5:38  Queen  
  50  5:40  Queen  
  50  5:42  Overlord  
  50  5:46  Overlord  
  52  5:50  Overlord  
  52  6:05  Drone x5  
  52  6:06  Drone  
  58  6:19  Zergling x4  
  60  6:22  Evolution Chamber  
  60  6:24  Evolution Chamber  
  58  6:42  Drone x7  
  58  6:43  Drone x3  
  68  7:02  Zerg Melee Weapons Level 1, Zerg Ground Armor Level 1  
  68  7:09  Extractor  
  67  7:16  Drone  
  67  7:17  Drone x2  
  70  7:26  Zergling x16  
  70  7:27  Zergling x6  
  80  7:30  Lair, Baneling  
  80  7:31  Baneling  
  80  7:48  Zergling x10  
  84  8:19  Drone x3  
  86  8:20  Drone  
  86  8:31  Zergling x6  
  86  8:32  Centrifugal Hooks, Overlord x2  
  86  8:33  Overlord x2  
  89  8:49  Drone, Hatchery  
  89  8:50  Drone, Hatchery  
  89  8:51  Hatchery  
  89  8:53  Baneling x10  
  89  8:54  Baneling x4  
  89  8:55  Baneling x2  
  89  8:57  Zergling x2  
  89  8:58  Zergling x12  
  89  8:59  Zergling x2  
  96  9:23  Zergling x16  
  96  9:24  Zergling x12  
  110  9:48  Zergling x2  
  110  9:49  Zergling x4  
  113  10:18  Overlord x5  
  113  10:21  Zerg Melee Weapons Level 2, Zerg Ground Armor Level 2  
  113  10:28  Zergling x16  
  121  10:43  Zergling x10  
  126  10:59  Zergling x26  
  137  11:12  Zergling x10  
  137  11:19  Zergling x12  
  144  11:32  Zergling x10  
Tags
 
League
Diamond
Matchup
Co-op
Replay Pack
Myownreplay2
Add a new tag
Caveats
  • Supply blocks, unpowered buildings, or Contaminate may cause inaccurate times.
  • Supply counts are checked every 10 seconds.